AoeStats
← [PSCH] R!ce

Lombardia

509635366Analyzed
2v2 RM · 5d ago on Sep 27, 2026· 12m 50s· 4 players
Game mode
Random Map
Map size
Medium (4 player)
Population
200
Speed
Normal
Resources
Standard
Victory
Conquest
Starting age
Dark Age
Ending age
Imperial Age
RankedLock teamsTeams togetherTeam positionsShared explorationLock speedFull tech treeHidden civsTurbo modeCheats
Victory
Defeat
🇨🇭 Magyars · Switzerland
1466
+14
🇨🇭 Malay · Switzerland
1401
+17
🇩🇪 Danes · Germany
1438
-16
🇮🇳 Burmese · India
1403
-15
[PSCH] R!ce
8:05 Loom
10:35 Feudal Age
11:39 Double-Bit Axe
12:51 Fletching
[PSCH] Reh
7:35 Loom
9:45 Feudal Age
10:36 Double-Bit Axe
10:33 Horse Collar
Unimpressed
9:59 Loom
11:44 Feudal Age
Magnata
10:47 Feudal Age
11:09 Loom
14:57 Castle Age
Connection lost

Rejoining the realm…

Still unreachable

The connection could not be restored.

Session expired

The server has moved on; the page needs a fresh start.